 Dungeon Crawl Stone Soup version 0.26-a0-259-g1effd001a9 (webtiles) character file.

Game seed: 9624344752488998809

8003 gruber the Arsonist (level 11, -4/89 HPs)
             Began as a Hill Orc Fire Elementalist on July 12, 2020.
             Was a Priest of Ashenzari.
             Slain by a yak (7 damage)
             ... on level 10 of the Dungeon.
             The game lasted 00:25:08 (13605 turns).

gruber the Arsonist (Hill Orc Fire Elementalist)   Turns: 13605, Time: 00:25:08

Health: -4/89      AC:  8    Str: 18    XL:     11   Next: 24%
Magic:  7/17       EV: 11    Int: 18    God:    Ashenzari [***...]
Gold:   276        SH:  0    Dex: 11    Spells: 5/18 levels left

rFire    + . .     SeeInvis +   L - staff of fire
rCold    . . .     Faith    .   (no shield)
rNeg     . . .     Spirit   .   O - +2 ring mail {rPois}
rPois    +         Reflect  .   i - +0 hat
rElec    .         Harm     .   (no cloak)
rCorr    .                      (no gloves)
MR       .....                  (no boots)
Stlth    +.........             m - amulet of magic regeneration (curse)
HPRegen  0.24/turn              v - +6 ring of strength
MPRegen  0.40/turn              (no ring)

@: no status effects
A: no striking features
a: Curse Item, Scrying, Renounce Religion


You were on level 10 of the Dungeon.
You worshipped Ashenzari.
Ashenzari was most pleased with you.
You were hungry.

You visited 2 branches of the dungeon, and saw 11 of its levels.

You collected 501 gold pieces.
You spent 225 gold pieces at shops.

Inventory:

Hand Weapons
 F - a +1 war axe of freezing
 T - a +2 war axe of flaming
Armour
 i - a +0 hat (worn)
 G - a +0 robe of fire resistance
 O - a +2 ring mail of poison resistance (worn)
 Q - a +0 buckler
Magical Staves
 L - an uncursed staff of fire (weapon)
Jewellery
 m - a cursed amulet of magic regeneration (around neck)
 o - an uncursed ring of protection from cold
 v - a +6 ring of strength (left hand)
 N - an uncursed ring of resist corrosion
 P - an uncursed amulet of the acrobat
 S - an uncursed ring of fire
Wands
 n - a wand of polymorph (18)
 u - a wand of random effects (40)
 H - a wand of flame (50)
 J - a wand of paralysis (3)
 K - a wand of disintegration (8)
 M - a wand of iceblast (7)
 R - a wand of acid (10)
Scrolls
 d - 4 scrolls of magic mapping {unknown}
 e - 3 scrolls of enchant weapon {unknown}
 f - 16 scrolls of identify {unknown}
 g - 3 scrolls of random uselessness {unknown}
 j - 13 scrolls of teleportation
 k - 3 scrolls of fog {unknown}
 r - 8 scrolls of remove curse
 t - 2 scrolls of immolation {unknown}
 w - a scroll of blinking {unknown}
 y - a scroll of enchant armour {unknown}
 B - 3 scrolls of fear {unknown}
 E - a scroll of amnesia {unknown}
Potions
 b - 4 potions of invisibility {unknown}
 h - 3 potions of might {unknown}
 l - 4 potions of haste {unknown}
 p - 6 potions of curing
 q - a potion of berserk rage {unknown}
 s - 2 potions of ambrosia {unknown}
 x - a potion of degeneration {unknown}
 z - a potion of cancellation {unknown}
 A - a potion of stabbing {unknown}
 C - a potion of brilliance {unknown}
 D - a potion of resistance {unknown}
 I - 2 potions of flight {unknown}
Comestibles
 c - 15 rations


   Skills:
 - Level 6.1 Fighting
 - Level 7.0 Axes
 - Level 0.5 Staves
 - Level 6.2 Armour
 - Level 1.5 Dodging
 - Level 1.5 Stealth
 - Level 1.0 Shields
 - Level 4.1 Spellcasting
 - Level 5.0 Conjurations
 - Level 12.1 Fire Magic
 + Level 5.1 Earth Magic
 - Level 0.2 Evocations


You had 5 spell levels left.
You knew the following spells:

 Your Spells              Type           Power        Failure   Level
a - Foxfire               Conj/Fire      ####         1%          1
b - Conjure Flame         Conj/Fire      ######..     2%          3
c - Sticky Flame          Conj/Fire      ######..     7%          4
d - Bolt of Magma         Conj/Fire/Erth #####.....   32%         5

Your spell library contained the following spells:

 Spells                   Type           Power        Failure   Level
 Inner Flame              Hex/Fire       #####...     6%          3
 Fireball                 Conj/Fire      ######....   21%         5
 Corona                   Hex            #......      24%         1
 Dazzling Flash           Conj/Hex       ##....       26%         3
 Ensorcelled Hibernation  Hex/Ice        #.....       36%         2
 Confusing Touch          Hex            #.......     58%         3
 Tukima's Dance           Hex            #.......     58%         3
 Iskenderun's Battlesphe  Conj/Chrm      ##......     94%         5
 Iron Shot                Conj/Erth      ###.......   99%         6
 Orb of Destruction       Conj           ###.......   100%        7
 Spellforged Servitor     Conj/Summ      ##........   100%        7


Dungeon Overview and Level Annotations

Branches:
Dungeon (10/15)            Temple (1/1) D:4            Lair (0/6) D:8
    Orc (0/2) D:10

Altars:
Ashenzari
Cheibriados
Dithmenos
Elyvilon
Fedhas
Gozag
Hepliaklqana
Kikubaaqudgha
Makhleb
Nemelex Xobeh
Okawaru
Qazlal
Ru
Sif Muna
Trog
Uskayaw
Vehumet
Wu Jian
Xom
Yredelemnul
Zin
The Shining One
Beogh

Shops:
D:5 *   D:6 :

Annotations:
D:5 3 runed translucent doors, Isaac123's ghost, novice DrAE


Message History

The yak gores you.
* * * LOW HITPOINT WARNING * * *
The yak gores you.
* * * LOW HITPOINT WARNING * * *
The yak gores you but does no damage.
Your foxfire dissipates!
The foxfire hits the yak.
The yak is severely wounded.
The yak gores you!
* * * LOW HITPOINT WARNING * * *
There is an open door, spattered with blood here.
Casting: Foxfire (safe; 1% risk of failure)
Confirm with . or Enter, or press ? or * to list all spells.
Aiming: Sticky Flame (dangerous; 7% risk of failure)
Press: ? - help, Shift-Dir - straight line, f - yak
Aim: a yak (severely wounded)
You feel a surge of power!
The sticky flame hits the yak!
The yak is almost dead.
The yak is covered in liquid flames!
The yak burns!
The yak gores you!
You die...

####...#.#).#.#......###
#...##.#..)...###..#...#
#.#..###...#.##.#.####.#
.####......###....###..# * * ##
#)##..###.##.#.#.### *, ,
#################.##### , * # #.#
#..#....###.......##* *
#####.###.......##Y........##.#..
................@YY...†....'....Y
#####.####.....###.........##.#..
### #.####.#..## ##.......## ,.,
..# #......##.# ##.....## *** #.#
#########.# ##...## * #.# #.# **
##'## * #.# #.# >..# #.# #.# *
##..# ..# #.# ,* ***


You could see 3 yaks.

Vanquished Creatures
  Pikel (D:6)
  Joseph (D:9)
  A gargoyle (D:10)
  Maggie (D:8)
  A spriggan (D:9)
  4 yaks (D:10)
  A warg (D:10)
  8 orc warriors
  2 phantoms (D:9)
  2 ice beasts
  2 black bears
  A sky beast (D:9)
  3 necrophages
  5 ogres
  5 centaurs
  2 lemures (D:7)
  A crocodile (D:8)
  An elf zombie (D:9)
  Blork the orc (D:7)
  10 bullfrogs
  A gnoll sergeant (D:7)
  A scorpion (D:5)
  3 killer bees (D:8)
  12 wights
  A howler monkey (D:9)
  A bullfrog zombie (D:8)
  4 human zombies (D:9)
  2 jellies (D:9)
  A centaur skeleton (D:4)
  4 hounds
  11 orc wizards
  5 orc priests
  A bullfrog skeleton (D:9)
  A human skeleton (D:9)
  6 iguanas
  Ijyb (D:4)
  7 worker ants
  An ogre skeleton (D:9)
  2 hound zombies
  A worker ant zombie (D:9)
  6 gnolls
  16 adders
  A shadow imp (D:6)
  3 white imps
  An ufetubus (D:6)
  An adder zombie (D:6)
  An adder skeleton (D:3)
  A worm (D:3)
  5 dart slugs
  4 leopard geckos
  49 orcs
  9 ball pythons
  8 bats
  7 giant cockroaches
  7 goblins
  5 hobgoblins
  13 jackals
  10 kobolds
  5 quokkas
  4 frilled lizards
  A giant cockroach zombie (D:5)
  A jackal zombie (D:6)
  11 rats
288 creatures vanquished.

Vanquished Creatures (others)
  1667 foxfires
1667 creatures vanquished.

Grand Total: 1955 creatures vanquished

Notes
Turn   | Place    | Note
-------+----------+-------------------------------------------
     0 | D:1      | gruber the Hill Orc Fire Elementalist began the quest for
                  | the Orb.
     0 | D:1      | Reached XP level 1. HP: 14/14 MP: 3/3
   245 | D:1      | Reached XP level 2. HP: 20/20 MP: 0/4
   360 | D:1      | Reached skill level 4 in Fire Magic
   985 | D:2      | Reached XP level 3. HP: 26/26 MP: 2/5
  1027 | D:2      | Learned a level 3 spell: Conjure Flame
  1228 | D:2      | Found a hazy altar of Hepliaklqana.
  1285 | D:2      | Found a shadowy altar of Dithmenos.
  1313 | D:2      | Found a stormy altar of Qazlal.
  1664 | D:2      | Found a faded altar of an unknown god.
  1733 | D:2      | Reached XP level 4. HP: 24/33 MP: 1/6
  2037 | D:3      | Reached skill level 5 in Fire Magic
  2240 | D:3      | Reached XP level 5. HP: 38/38 MP: 2/7
  3039 | D:3      | Reached skill level 6 in Fire Magic
  3039 | D:3      | Reached XP level 6. HP: 45/45 MP: 4/8
  3416 | D:4      | Noticed Ijyb
  3421 | D:4      | Killed Ijyb
  3488 | D:4      | Reached XP level 7. HP: 50/50 MP: 3/9
  3517 | D:4      | Found a snail-covered altar of Cheibriados.
  3672 | D:4      | Reached skill level 5 in Conjurations
  3672 | D:4      | Reached skill level 7 in Fire Magic
  3680 | D:4      | Learned a level 4 spell: Sticky Flame
  3916 | D:4      | Found a staircase to the Ecumenical Temple.
  4010 | D:5      | Entered Level 5 of the Dungeon
  4040 | Temple   | Entered the Ecumenical Temple
  4210 | Temple   | Became a worshipper of Ashenzari the Shackled
  4378 | D:5      | Reached skill level 8 in Fire Magic
  4472 | D:5      | Reached XP level 8. HP: 57/57 MP: 6/10
  4590 | D:5      | Found a runed translucent gate.
  4591 | D:5      | Found a runed translucent gate.
  4592 | D:5      | Found a runed translucent gate.
  4593 | D:5      | Noticed Isaac123's ghost (novice DrAE)
  4655 | D:5      | Reached skill level 9 in Fire Magic
  5030 | D:5      | Found Kett's Assorted Antiques.
  5076 | D:5      | Bought 3 scrolls of remove curse for 225 gold pieces
  5235 | D:5      | Found a roughly hewn altar of Beogh.
  5289 | D:5      | Reached skill level 10 in Fire Magic
  5438 | D:6      | Found Unaly's Book Shoppe.
  5522 | D:6      | Found a bloodstained altar of Trog.
  6098 | D:6      | Reached * piety under Ashenzari
  6244 | D:6      | Reached skill level 11 in Fire Magic
  6649 | D:6      | Reached XP level 9. HP: 34/62 MP: 2/11
  6829 | D:7      | Noticed Pikel
  7096 | D:6      | Killed Pikel
  7096 | D:6      | Reached skill level 1 in Axes
  7096 | D:6      | Reached skill level 12 in Fire Magic
  7306 | D:7      | Noticed Blork the orc
  7322 | D:7      | Killed Blork the orc
  7657 | D:7      | Reached skill level 5 in Axes
  8267 | D:7      | Found a shimmering blue altar of Sif Muna.
  8524 | D:8      | Reached skill level 1 in Fighting
  8761 | D:8      | Reached XP level 10. HP: 79/79 MP: 7/12
  8889 | D:8      | Reached skill level 5 in Fighting
  9195 | D:8      | Found a staircase to the Lair.
  9247 | D:8      | Found a burning altar of Makhleb.
  9439 | D:8      | Reached ** piety under Ashenzari
  9818 | D:8      | Noticed Maggie
  9833 | D:8      | Killed Maggie
  9996 | D:9      | Found a shadowy altar of Dithmenos.
 10267 | D:9      | Noticed Joseph
 10285 | D:9      | Killed Joseph
 10448 | D:9      | Reached skill level 1 in Armour
 10951 | D:9      | Found a basalt altar of Yredelemnul.
 11360 | D:9      | Reached skill level 5 in Armour
 11616 | D:10     | Entered Level 10 of the Dungeon
 11786 | D:10     | Noticed a gargoyle
 11803 | D:10     | Learned a level 5 spell: Bolt of Magma
 11921 | D:10     | Reached skill level 1 in Shields
 12050 | D:10     | Reached skill level 1 in Earth Magic
 12050 | D:10     | Reached XP level 11. HP: 78/89 MP: 9/17
 12729 | D:10     | Found a staircase to the Orcish Mines.
 13495 | D:10     | Reached *** piety under Ashenzari
 13593 | D:10     | Reached skill level 5 in Earth Magic
 13603 | D:10     | HP: 2/89 [yak (12)]
 13605 | D:10     | Slain by a yak

Illustrated notes

Levels and vault maps discovered:
D:1:      saegor_arrival_simple_a, layout_rooms, minmay_misc_feat_roman,
          minmay_cupped
D:2:      layout_basic, overflow_temple_1_default, lemuel_round_altar,
          old_standard_altar, first_ration, chequers_ecumenical_altar_simple,
          moated_statue, minmay_misc_feat_columns
D:3:      layout_rooms, minmay_snake_closets
D:4:      layout_gridville, overflow_temple_1_default,
          minmay_temple_entry_waves, kennysheep_crisscross, uniq_ijyb
D:5:      layout_rooms, serial_co_window_serial, co_window_paths_b,
          co_window_paths_a, co_window_paths_a, co_window_cross_1,
          co_window_of_opportunity_a, co_window_of_opportunity_b,
          co_window_unsneaky_path_a, co_window_of_opportunity_b,
          co_window_corner_ca, co_window_unsneaky_path_d, co_window_2corner,
          co_window_corner_b, glass_columns_b, glass_columns_b, glass_columns_a,
          glass_columns_a, serial_shops, shop, biasface_ghost_orc_armoury
D:6:      layout_cave_pools, bloody_trog, serial_shops, nicolae_shop_stone
D:7:      layout_basic, lemuel_coloured_pillars_altar, sword_in_stone,
          uniq_pikel
D:8:      layout_gridville, lair_entry_dummy, basic_altar, uniq_maggie
D:9:      layout_gridville, lemuel_mausoleum_altar_yredelemnul, the_bakery,
          nicolae_dithmenos_shadow_blocks, uniq_joseph
D:10:     layout_loops_corners, erik_orc_3, enter_bailey_8
Temple:   bh_familiar_temple

Skill      XL: |  1  2  3  4  5  6  7  8  9 10 11 |
---------------+----------------------------------+-----
Fire Magic     | 4 5 6 8 11 12 | 12.1
Conjurations   | 2 3 4 5 |  5.0
Axes           | 7 |  7.0
Fighting       | 4 6 |  6.1
Spellcasting   | 4 |  4.1
Armour         | 6 |  6.2
Shields        | 1 |  1.0
Earth Magic    | 1 5 |  5.1
Staves         | |  0.5
Dodging        | |  1.5
Stealth        | |  1.5
Evocations     | |  0.2

Action                   |  1- 3 |  4- 6 |  7- 9 | 10-12 || total
-------------------------+-------+-------+-------+-------++-------
Melee: Unarmed           |     2 |       |       |       ||     2
       Short sword       |     6 |     7 |     3 |       ||    16
       War axe           |       |       |    14 |       ||    14
       Staff             |       |       |       |    39 ||    39
 Cast: Foxfire           |   110 |   256 |   324 |   306 ||   996
       Sticky Flame      |       |       |    18 |    49 ||    67
       Conjure Flame     |       |       |     2 |     2 ||     4
       Bolt of Magma     |       |       |       |     2 ||     2
Invok: Curse Item        |       |       |     1 |       ||     1
Evoke: Wand              |       |       |     2 |     3 ||     5
  Use: Scroll            |       |       |     1 |     1 ||     2
  Eat: Ration            |     1 |     2 |     4 |     4 ||    11
Armor: Robe              |     9 |     6 |     9 |     6 ||    30
       Ring mail         |       |       |       |     8 ||     8
Dodge: Dodged            |    22 |    24 |    48 |    72 ||   166

Table legend:
 A = Non-vault XP
 B = Vault XP
 C = Vault XP percentage of total XP
 D = Non-vault monster count
 E = Vault monster count
 F = Vault count percentage of total count
                 A         B        C        D         E       F
            +---------+---------+-------+---------+---------+-------
      Total |    7473 |    3960 |  34.6 |     231 |      55 |  19.2
            +---------+---------+-------+---------+---------+-------
        D:1 |      30 |       2 |   6.2 |      15 |       1 |   6.2
        D:2 |      68 |       0 |   0.0 |      23 |       0 |   0.0
        D:3 |     261 |      68 |  20.7 |      46 |      12 |  20.7
        D:4 |     370 |      35 |   8.6 |      17 |       1 |   5.6
        D:5 |     761 |       0 |   0.0 |      30 |       0 |   0.0
        D:6 |     682 |     815 |  54.4 |      20 |       2 |   9.1
        D:7 |     631 |     505 |  44.5 |      11 |       5 |  31.2
        D:8 |    1302 |     385 |  22.8 |      25 |       1 |   3.8
        D:9 |    1378 |    1431 |  50.9 |      28 |      14 |  33.3
       D:10 |    1990 |     719 |  26.5 |      16 |      19 |  54.3
            +---------+---------+-------+---------+---------+-------
